 Dungeon Crawl Stone Soup version 0.23.2-40-g277498a001 (webtiles) character file.

Game seed: 6874612807586024644

80 Descartes the Digger (level 4, -1/32 HPs)
             Began as a Formicid Earth Elementalist on Sept 6, 2019.
             Slain by a gnoll
             ... wielding a +0 halberd
              (13 damage)
             ... on level 3 of the Dungeon.
             The game lasted 00:04:48 (1845 turns).

Descartes the Digger (Formicid Earth Elementalist)  Turns: 1845, Time: 00:04:49

Health: -1/32      AC:  3    Str: 12    XL:     4   Next: 65%
Magic:  8/8        EV: 12    Int: 16    God:
Gold:   113        SH:  0    Dex: 13    Spells: 5/9 levels left

rFire    . . .     SeeInvis +   h - +2 flail (protect)
rCold    . . .     Gourm    .   (no shield)
rNeg     + . .     Faith    .   j - +0 leather armour
rPois    .         Spirit   .   (helmet unavailable)
rElec    .         Reflect  .   (no cloak)
rCorr    .         Harm     .   (no gloves)
MR       .....                  (no boots)
Stlth    ++........             (no amulet)
HPRegen  0.10/turn              f - +2 ring of dexterity
MPRegen  0.11/turn              m - ring of positive energy

@: no status effects
A: permanent stasis, dig shafts and tunnels, four strong arms, antennae 3
a: Dig, Shaft Self


You were on level 3 of the Dungeon.
You were very hungry.

You visited 1 branch of the dungeon, and saw 3 of its levels.

You collected 113 gold pieces.

Inventory:

Hand Weapons
 g - a +0 short sword
 h - a +2 flail of protection (weapon)
Missiles
 b - 26 stones (quivered)
 c - 43 bolts
 o - 21 sling bullets
Armour
 j - a +0 leather armour (worn)
Jewellery
 f - a +2 ring of dexterity (left hand)
 m - a ring of positive energy (right hand)
Scrolls
 a - 3 scrolls of amnesia {unknown}
 e - 2 scrolls of teleportation {unknown}
 k - 3 scrolls of enchant armour {unknown}
 l - 2 scrolls of identify {unknown}
 n - 5 scrolls of remove curse {unknown}
 p - a scroll of fear {unknown}
 r - a scroll of fog {unknown}
Potions
 i - a potion of curing {unknown}
 q - a potion of mutation {unknown}
 s - a potion of degeneration {unknown}
 t - 2 potions of flight {unknown}
 u - a potion of brilliance {unknown}
Comestibles
 d - 6 rations


   Skills:
 + Level 1.1 Fighting
 + Level 1.1 Armour
 + Level 2.1 Dodging
 + Level 3.0 Stealth
 * Level 3.0 Spellcasting
 * Level 0.5 Conjurations
   Level 1.1 Transmutations
 * Level 4.3 Earth Magic


You had 5 spell levels left.
You knew the following spells:

 Your Spells              Type           Power        Failure   Level  Hunger
a - Sandblast             Erth           ###...       4%          1    #......
b - Stone Arrow           Conj/Erth      ##....       26%         3    ###....

Your spell library contained the following spells:

 Spells                   Type           Power        Failure   Level  Hunger
 Passwall                 Tmut/Erth      ##......     12%         2    ##.....
 Petrify                  Tmut/Erth      ##......     61%         4    #####..
 Lee's Rapid Deconstruct  Erth           ###.......   73%         5    ######.


Dungeon Overview and Level Annotations

Branches:
Dungeon (3/15)

Altars:
Ashenzari


Innate Abilities, Weirdness & Mutations

You cannot be hasted, slowed, berserked, paralysed or teleported.
You can dig through walls and to a lower floor.
Your four strong arms can wield two-handed weapons with a shield.
You have a pair of large antennae on your head. (SInv)


Message History

Your weapon exudes an aura of protection.
You kill the gnoll!
Your Stealth skill increases to level 3!
Your Spellcasting skill increases to level 3!
You are feeling very hungry.
The gnoll hits you from afar with a +0 spear.
The gnoll closely misses you. The gnoll barely misses you. x2
You see here a +0 flail.
You barely miss the gnoll. The gnoll closely misses you.
The gnoll hits you with a +0 halberd. The gnoll hits you with a +0 spear.
* * * LOW HITPOINT WARNING * * *
The gnoll barely misses you. x2
Unknown command.
There is an open door here.
The gnoll closely misses you.
There is an open door here.
You see here a ring mail.
The gnoll hits you from afar with a +0 halberd!
You die...

###.####.......#._.#.....
#..........###...###...
#.#####..###.#####. .
###.#....###....#.#...
..#.#.###......##.##....
..#.#.# #......#...#....
# ......#
#.....##...##... ..#.#.#
#.....#.....#
......###.....#.@...#
#<..........##.##.###
##...#########.#.g### ...
###.## #....g.# #.# # #.#
###.####.# #.# # #.#
#.....##.# #.# #
#.#.#.##.# #.# #
#.#...##g# #.# #
#.#...##.# #.#


You could see 2 gnolls.

Vanquished Creatures
  2 adders
  2 gnolls (D:3)
  A worm (D:2)
  2 dart slugs
  A leopard gecko (D:1)
  3 bats
  A giant cockroach (D:1)
  3 goblins (D:2)
  7 hobgoblins
  2 jackals (D:1)
  2 ball pythons (D:1)
  2 frilled lizards (D:1)
  3 kobolds (D:1)
  5 rats
36 creatures vanquished.

Notes
Turn   | Place    | Note
-------+----------+-------------------------------------------
     0 | D:1      | Descartes the Formicid Earth Elementalist began the quest
                  | for the Orb.
     0 | D:1      | Reached XP level 1. HP: 13/13 MP: 3/3
    97 | D:1      | Reached XP level 2. HP: 12/19 MP: 1/5
   666 | D:1      | Reached XP level 3. HP: 25/25 MP: 4/6
   758 | D:1      | Reached skill level 4 in Earth Magic
  1068 | D:2      | Reached skill level 1 in Armour
  1076 | D:2      | Learned a level 3 spell: Stone Arrow
  1181 | D:2      | Reached XP level 4. HP: 31/31 MP: 5/8
  1647 | D:3      | Found a shattered altar of Ashenzari.
  1731 | D:3      | Reached skill level 1 in Fighting
  1845 | D:3      | Slain by a gnoll

Skill      XL: |  1  2  3  4 |
---------------+-------------+-----
Earth Magic    | 4 |  4.3
Dodging        | 2 |  2.1
Armour         | 1 |  1.1
Fighting       | 1 |  1.1
Stealth        | 3 |  3.0
Spellcasting   | 3 |  3.0
Conjurations   | |  0.5
Transmutations | |  1.1

Action                   |  1- 3 |  4- 6 || total
-------------------------+-------+-------++-------
Melee: Short sword       |    34 |       ||    34
       Flail             |       |     6 ||     6
 Cast: Sandblast         |    26 |     8 ||    34
 Stab: Sleeping          |     4 |       ||     4
  Eat: Chunk             |     1 |     1 ||     2
Armor: Robe              |     5 |       ||     5
       Leather armour    |     2 |       ||     2
Dodge: Dodged            |    25 |    11 ||    36
